[Event "9th Sharjah Cup Women 2018"]
[Site "Sharjah"]
[Date "2018.12.17"]
[Round "5"]
[White "Aisha Mohamed Al Muaini"]
[Black "Greibrokk, Ingrid"]
[Result "0-1"]
[ECO "B50"]
[WhiteElo "1134"]
[BlackElo "1857"]
[Annotator "NA RC"]
[PlyCount "100"]
[EventDate "2018.12.14"]
[EventType "swiss"]
[EventCountry "UAE"]
[SourceTitle "playchess.com"]
[Source "ChessBase"]
[SourceQuality "1"]
[TimeControl "5400+30"]

1. e4 c5 2. Nf3 d6 3. d3 Nc6 4. g3 g6 5. Bg2 Bg7 6. O-O Nf6 7. c3 O-O 8. Nbd2 b5 {[%emt 0:01:58] A05: Réti Opening: 1 Nf3 Nf6} (8... e5 9. a4 h6 10. Nc4 Be6 11. Qe2 Qc7 12. Nfd2 Rad8 13. a5 d5 14. exd5 Nxd5 15. Ne4 b6 16. axb6 axb6 17. Re1 Qd7 18. Na3 Bg4 19. Qc2 {½-½ (50) Amin,B (2652)-Robson,R (2613) Antalya 2013}) 9. h3 Rb8 10. Nh4 $146 ({Predecessor:} 10. d4 cxd4 11. cxd4 Nd7 12. Nb3 a5 13. d5 Nce5 14. Nxe5 Nxe5 15. Re1 Nc4 16. Nd4 Bd7 {1-0 (75) Gabr,M (2287)-Koehn,L (2087) Pardubice 2018}) 10... b4 11. c4 e6 12. f4 Nh5 13. Kh2 Bb7 14. f5 $2 {[%emt 0:04:34] [#]} ({White should try} 14. Nb3 $15) 14... exf5 $2 {[%emt 0:01:35] [#]} ({Better is} 14... Nxg3 $1 $19 15. Kxg3 Be5+ 16. Kf2 Qxh4+ 17. Kg1 Nd4) 15. exf5 $2 {[%emt 0:00:24] [#]} (15. Nxf5 $1 $15 Be5 (15... gxf5 16. Qxh5) 16. Nf3) 15... Be5 (15... Nxg3 $142 $1 16. Rf3 (16. Kxg3 Be5+) 16... Nh5) 16. Ne4 Nxg3 17. Nxg3 Qxh4 18. Qe1 $2 (18. Qg4 Qxg4 19. hxg4) 18... Nd4 19. Qf2 {[%emt 0:01:04] [#]} Nxf5 $2 (19... Ne2 $1 20. Bxb7 (20. Qxe2 Qxg3+) 20... Bxg3+ 21. Kg2 Bxf2 22. Rxf2 Qg3+ {[%mdl 64] Double Attack} 23. Kf1 Qxd3) 20. Bf4 Nxg3 21. Qxg3 Bxf4 22. Rxf4 Qxg3+ 23. Kxg3 Bxg2 24. Kxg2 f5 25. Re1 Rfe8 26. Rff1 Rxe1 27. Rxe1 Kf7 28. Kf3 Re8 29. Rxe8 Kxe8 30. Kf4 h6 31. h4 Ke7 32. Kg3 g5 33. hxg5 hxg5 34. Kf3 Ke6 35. Ke3 f4+ 36. Kf3 Ke5 37. Ke2 g4 38. Kf2 Kd4 39. Ke2 f3+ 40. Kf2 Kxd3 41. Kg3 Ke2 42. Kxg4 f2 43. Kg3 f1=Q 44. Kg4 Ke3 45. Kg5 Ke4 46. Kg6 Ke5 47. Kg7 Qf6+ 48. Kg8 Ke6 49. Kh7 Kf7 50. b3 Qg7# 0-1

[Event "9th Sharjah Cup Women 2018"]
[Site "Sharjah"]
[Date "2018.12.17"]
[Round "6"]
[White "Mkrtchian, Lilit"]
[Black "Gu, Xiaobing"]
[Result "1/2-1/2"]
[ECO "E97"]
[WhiteElo "2392"]
[BlackElo "2295"]
[Annotator "ChessBase"]
[PlyCount "62"]
[EventDate "2018.12.14"]
[EventType "swiss"]
[EventCountry "UAE"]
[SourceTitle "playchess.com"]
[Source "ChessBase"]
[SourceQuality "1"]
[TimeControl "5400+30"]

1. d4 Nf6 2. c4 g6 3. Nc3 Bg7 4. e4 d6 5. Be2 O-O 6. Nf3 e5 7. O-O Nc6 8. d5 Ne7 9. b4 Nh5 10. Re1 f5 11. Ng5 Nf6 12. Bf3 c6 13. b5 h6 14. Ne6 Bxe6 15. dxe6 fxe4 16. Nxe4 Nxe4 17. Bxe4 d5 18. cxd5 cxd5 19. Ba3 dxe4 20. Qxd8 Rfxd8 21. Bxe7 Re8 22. Bc5 Rxe6 23. Rxe4 a6 24. bxa6 Rexa6 25. a3 Bf8 26. Bxf8 Kxf8 27. Rxe5 Rxa3 28. Rxa3 Rxa3 29. h4 Rb3 30. h5 Kf7 31. hxg6+ Kxg6 1/2-1/2

[Event "9th Sharjah Cup Women 2018"]
[Site "Sharjah"]
[Date "2018.12.17"]
[Round "6"]
[White "Khukhashvili, Sopiko"]
[Black "Drljevic, Ljilja"]
[Result "1-0"]
[ECO "B06"]
[WhiteElo "2338"]
[BlackElo "2208"]
[Annotator "NA"]
[PlyCount "80"]
[EventDate "2018.12.14"]
[EventType "swiss"]
[EventCountry "UAE"]
[SourceTitle "playchess.com"]
[Source "ChessBase"]
[SourceQuality "1"]
[TimeControl "5400+30"]

1. e4 g6 2. d4 Bg7 3. Be3 d6 4. Nc3 a6 5. Qd2 b5 6. f3 Nd7 7. h4 h6 {[%emt 0:00:13] B06: Modern Defence} (7... h5 8. Nh3 Bb7 9. Ng5 e6 10. O-O-O Qe7 11. Ne2 Ngf6 12. Nf4 e5 13. dxe5 Nxe5 14. Kb1 Rb8 15. Be2 O-O 16. Ba7 Rbd8 {1-0 (37) Sjugirov,S (2654)-Chigaev,M (2599) Sochi 2018}) 8. O-O-O Bb7 9. d5 c5 {[%emt 0:02:58] LiveBook: 3 Games} (9... h5 $11) 10. dxc6 $1 Bxc6 11. Nd5 $146 ({Predecessor:} 11. Bd4 Bxd4 12. Qxd4 Ngf6 13. g4 Qb6 14. Nge2 Rc8 15. a3 Bb7 {½-½ (15) Gulbas,C (2377)-Yilmazyerli,M (2450) Kocaeli 2015}) 11... Ngf6 12. Nxf6+ Nxf6 13. Ne2 Qc7 14. Nd4 Bb7 15. Nb3 Rc8 16. Bd3 Nd7 17. Kb1 e6 (17... h5 $11) 18. Rhe1 Nc5 19. Nxc5 dxc5 20. c4 $16 Ke7 21. Bf4 e5 22. Be3 Rhd8 23. Qc1 Qa5 24. Bd2 b4 25. Bc2 h5 26. Bg5+ f6 27. Bh6 Bh8 28. Be3 Qb6 29. g4 Bc6 30. gxh5 gxh5 31. f4 a5 32. fxe5 a4 33. exf6+ Ke6 34. Bd3 Bxf6 35. Bg5 Rf8 36. e5 Bg7 37. Bg6 Rcd8 38. Bxd8 Rxd8 39. Rd6+ Rxd6 40. exd6+ Kxd6 1-0

[Event "9th Sharjah Cup Women 2018"]
[Site "Sharjah"]
[Date "2018.12.17"]
[Round "6"]
[White "Gevorgyan, Irina"]
[Black "Mezioud, Amina"]
[Result "1/2-1/2"]
[ECO "A04"]
[WhiteElo "2301"]
[BlackElo "2065"]
[Annotator "NA"]
[PlyCount "88"]
[EventDate "2018.12.14"]
[EventType "swiss"]
[EventCountry "UAE"]
[SourceTitle "playchess.com"]
[Source "ChessBase"]
[SourceQuality "1"]
[TimeControl "5400+30"]

1. Nf3 Nc6 2. d4 d5 3. Bf4 e6 4. e3 Bd6 {[%emt 0:03:08] LiveBook: 13 Games} 5. Bd3 {[%emt 0:03:28] D02: 1 d4 d5 2 Nf3 sidelines, including 2...Nf6 3 g3 and 2...Nf6 3 Bf4} (5. Bg3 Nge7 6. Bd3 Nb4 7. Bb5+ Bd7 8. Be2 Nf5 9. Bxd6 cxd6 10. O-O O-O 11. b3 Rc8 12. c4 dxc4 13. bxc4 {1-0 (43) Salinas Herrera,P (2470)-Rodriguez Vila,A (2487) Buenos Aires 2018}) 5... Nge7 6. c3 Ng6 7. Bg3 Nce7 8. Nbd2 Nf5 $146 ({Predecessor:} 8... h5 9. Qc2 h4 10. Be5 Bxe5 11. Nxe5 Nxe5 12. dxe5 {½-½ (37) Massekhin,M-Hoeschele,H (2174) Ditzingen 2009}) 9. Bxf5 exf5 10. Bxd6 Qxd6 11. O-O O-O 12. Qb3 Be6 13. Qb4 Qxb4 14. cxb4 f4 15. Rac1 c6 16. Nb3 Bg4 17. Nfd2 Rfe8 18. Rfe1 fxe3 19. fxe3 Re7 20. Kf2 Rae8 $11 21. a4 Bc8 22. Rc3 Nh4 23. b5 cxb5 24. axb5 b6 25. e4 Bd7 26. Rce3 Bxb5 27. g3 Ng6 28. exd5 Rxe3 29. Rxe3 Rd8 30. Rc3 Rxd5 31. Rc7 a5 32. Rc8+ Nf8 33. Nf3 f6 34. Rb8 a4 35. Nbd2 Rd6 36. Ne4 Re6 37. Nc3 Bd7 38. d5 Rd6 39. Nd2 f5 40. Nc4 Rh6 41. Ne5 Rd6 42. Nxd7 Rxd7 43. Rxb6 Ra7 44. Nb5 Nd7 1/2-1/2

[Event "9th Sharjah Cup Women 2018"]
[Site "Sharjah"]
[Date "2018.12.17"]
[Round "6"]
[White "Zozulia, Anna"]
[Black "Al Ali, Aisha Saif"]
[Result "1-0"]
[ECO "B40"]
[WhiteElo "2270"]
[BlackElo "1401"]
[Annotator "NA"]
[PlyCount "81"]
[EventDate "2018.12.14"]
[EventType "swiss"]
[EventCountry "UAE"]
[SourceTitle "playchess.com"]
[Source "ChessBase"]
[SourceQuality "1"]
[TimeControl "5400+30"]

1. e4 c5 2. Nf3 e6 3. d4 cxd4 4. Nxd4 Nf6 5. Bd3 Nc6 6. Nxc6 dxc6 7. Nd2 e5 8. Nc4 {[%emt 0:00:53] LiveBook: 11 Games} Qc7 9. O-O b5 10. Ne3 Bd6 11. a4 Bd7 12. Qf3 O-O 13. Nf5 Bxf5 $14 14. Qxf5 a6 15. Be3 Qd7 16. Qxd7 Nxd7 17. Rfd1 Nc5 18. Bxb5 cxb5 19. Rxd6 Nxe4 20. Rd5 bxa4 21. Rxa4 Nf6 22. Rxe5 Rfd8 23. f3 Nd5 24. Rd4 Nxe3 25. Rxd8+ Rxd8 26. Rxe3 Kf8 27. Kf2 Rd6 28. Re2 f6 29. Ke1 Kf7 30. Rd2 Re6+ 31. Kd1 Ke7 32. Re2 Rxe2 33. Kxe2 Kd6 34. b4 Kc6 35. c4 Kb6 36. Kd3 a5 37. bxa5+ Kxa5 38. Kd4 Kb6 39. Kd5 Kc7 40. Ke6 Kc6 41. Kf7 1-0

[Event "9th Sharjah Cup Women 2018"]
[Site "Sharjah"]
[Date "2018.12.17"]
[Round "6"]
[White "Kiolbasa, Oliwia"]
[Black "Novikova, Margarita"]
[Result "1/2-1/2"]
[ECO "C88"]
[WhiteElo "2244"]
[BlackElo "2017"]
[Annotator "NA"]
[PlyCount "76"]
[EventDate "2018.12.14"]
[EventType "swiss"]
[EventCountry "UAE"]
[SourceTitle "playchess.com"]
[Source "ChessBase"]
[SourceQuality "1"]
[TimeControl "5400+30"]

1. e4 e5 2. Nf3 Nc6 3. Bb5 a6 4. Ba4 Nf6 5. O-O b5 6. Bb3 Be7 7. Re1 d6 8. c3 Bg4 9. d3 O-O 10. h3 Bh5 11. Nbd2 Na5 12. Bc2 c5 13. Nf1 {[%emt 0:00:16] LiveBook: 28 Games} Qc7 14. g4 Bg6 15. Ng3 Qd7 16. Nh4 d5 $14 17. Ngf5 dxe4 18. dxe4 Bxf5 19. Nxf5 Qc7 20. Nxe7+ Qxe7 21. Qf3 Ne8 22. Rd1 Nc7 23. Qf5 Rad8 24. Bg5 f6 25. Be3 Nb7 26. a4 Rxd1+ 27. Rxd1 Rd8 28. axb5 axb5 29. Rxd8+ Qxd8 30. g5 Kh8 31. gxf6 gxf6 32. Kh2 Ne8 33. Bh6 Nbd6 34. Qe6 Nc7 35. Qg4 Nce8 36. Be3 c4 37. f4 Qe7 38. fxe5 fxe5 1/2-1/2

[Event "9th Sharjah Cup Women 2018"]
[Site "Sharjah"]
[Date "2018.12.17"]
[Round "6"]
[White "Stetsko, Lanita"]
[Black "Samaganova, Alexandra"]
[Result "1-0"]
[ECO "B43"]
[WhiteElo "2194"]
[BlackElo "2038"]
[Annotator "NA"]
[PlyCount "65"]
[EventDate "2018.12.14"]
[EventType "swiss"]
[EventCountry "UAE"]
[SourceTitle "playchess.com"]
[Source "ChessBase"]
[SourceQuality "1"]
[TimeControl "5400+30"]

1. e4 c5 2. Nf3 e6 3. d4 cxd4 4. Nxd4 a6 5. Nc3 Qc7 6. Bd3 Nf6 7. O-O Be7 8. Kh1 O-O 9. f4 d6 10. Qe2 Nbd7 11. Bd2 b5 12. Rae1 b4 {[%emt 0:10:03] LiveBook: 3 Games} 13. Nd1 Qb6 $11 14. Be3 Nc5 15. e5 Nd5 16. Bg1 g6 17. f5 dxe5 18. fxe6 Bxe6 19. Nxe6 Qxe6 20. Bc4 Nd7 21. Ne3 N7b6 22. Nxd5 Nxd5 23. Qxe5 Rad8 24. Qg3 Bd6 25. Qg5 Be7 26. Rxe6 Bxg5 27. Re5 Bf6 28. Rxd5 Rxd5 29. Bxd5 Bxb2 30. Bb3 Kg7 31. Bc5 Rb8 32. Rxf7+ Kh8 33. Rf8+ 1-0

[Event "9th Sharjah Cup Women 2018"]
[Site "Sharjah"]
[Date "2018.12.17"]
[Round "6"]
[White "Babayan, Armine"]
[Black "Alattar, Ghayda M."]
[Result "1-0"]
[ECO "B07"]
[WhiteElo "2189"]
[BlackElo "1944"]
[Annotator "NA"]
[PlyCount "47"]
[EventDate "2018.12.14"]
[EventType "swiss"]
[EventCountry "UAE"]
[SourceTitle "playchess.com"]
[Source "ChessBase"]
[SourceQuality "1"]
[TimeControl "5400+30"]

1. e4 d6 2. d4 Nf6 3. Nc3 g6 4. Be2 Bg7 5. Be3 c6 6. Qd2 Nbd7 7. g4 h5 8. g5 Nh7 (8... Ng4 $11) 9. f4 b5 10. Nf3 Nb6 11. Nh4 Nc4 12. Bxc4 bxc4 13. f5 $18 Nf8 14. O-O Rg8 15. Qf2 f6 16. fxg6 Bh3 17. e5 Nd7 18. exf6 exf6 19. Rfe1 Qc7 20. gxf6 O-O-O 21. fxg7 Rxg7 22. Bh6 Rgg8 23. Qg3 Bg4 24. h3 1-0

[Event "9th Sharjah Cup Women 2018"]
[Site "Sharjah"]
[Date "2018.12.17"]
[Round "6"]
[White "Berke, Ana"]
[Black "Rayan, Mohammad Ali Hassan"]
[Result "1-0"]
[ECO "B01"]
[WhiteElo "2151"]
[BlackElo "1267"]
[Annotator "NA"]
[PlyCount "75"]
[EventDate "2018.12.14"]
[EventType "swiss"]
[EventCountry "UAE"]
[SourceTitle "playchess.com"]
[Source "ChessBase"]
[SourceQuality "1"]
[TimeControl "5400+30"]

1. e4 d5 2. exd5 Qxd5 3. Nc3 Qd6 4. Nf3 Nf6 5. d4 c6 6. g3 {[%emt 0:00:06] B01: Scandinavian Defence} (6. h3 Nbd7 7. Bd3 g6 8. O-O Bg7 9. Re1 O-O 10. Qe2 e6 11. Bg5 b6 12. Rad1 Bb7 13. Ne5 c5 14. dxc5 Qxe5 15. Qxe5 Nxe5 16. Rxe5 {1-0 (90) Guseinov,G (2645)-Carlsen,M (2832) chess.com INT 2017}) 6... Bf5 7. Bg2 e6 8. O-O {[%emt 0:00:12] LiveBook: 57 Games} Qd8 9. Re1 Be7 $146 ({Predecessor:} 9... Bd6 10. Bg5 O-O 11. Qd2 Nbd7 12. Ne5 Nb6 13. Qe2 Re8 14. Rad1 h6 15. Be3 {1-0 (56) Fowler,D (1496)-Hopkinson,G (976) Weymouth 2008}) 10. a4 a5 11. Bg5 O-O 12. Qd2 Nbd7 13. Rad1 Bb4 14. h3 h6 15. Bf4 Nd5 16. Rc1 N7f6 (16... N7b6 $19 {has better winning chances.} 17. Ra1 g5) 17. Ne5 $17 Bh7 18. g4 Rc8 19. Nd3 Bxd3 20. cxd3 Nb6 21. Be5 Nxa4 22. g5 hxg5 23. Qxg5 Nxb2 24. Be4 Be7 25. Qd2 Nxe4 26. Rxe4 Nxd3 27. Qxd3 Bf6 28. Qg3 Bxe5 29. dxe5 Qd2 30. Rd1 Qh6 31. Rh4 Qg6 32. Rg4 Qh6 33. Ne4 Rfd8 34. Rxd8+ Rxd8 35. Nf6+ Kf8 36. Qa3+ c5 37. Qxc5+ Rd6 38. Qxd6# 1-0

[Event "9th Sharjah Cup Women 2018"]
[Site "Sharjah"]
[Date "2018.12.17"]
[Round "6"]
[White "Hallaeva, Bahar"]
[Black "Kulkarni Bhakti"]
[Result "0-1"]
[ECO "C02"]
[WhiteElo "2133"]
[BlackElo "2283"]
[Annotator "NA"]
[PlyCount "96"]
[EventDate "2018.12.14"]
[EventType "swiss"]
[EventCountry "UAE"]
[SourceTitle "playchess.com"]
[Source "ChessBase"]
[SourceQuality "1"]
[TimeControl "5400+30"]

1. e4 e6 2. d4 d5 3. e5 c5 4. c3 Nc6 5. Nf3 Bd7 6. a3 f6 7. Bd3 fxe5 8. dxe5 (8. Nxe5 $5 Nf6 9. Nxd7 Qxd7 10. Be3 $11) 8... Qc7 {[%emt 0:00:52] C02: French: Advance Variation} 9. Qe2 {[%emt 0:05:42] LiveBook: 11 Games} O-O-O 10. O-O h6 (10... c4 $5 11. Bc2 Kb8 $11) 11. b4 c4 $146 ({Predecessor:} 11... g5 12. Re1 Be8 13. Nbd2 Bh5 14. bxc5 Bxc5 15. Nb3 Bb6 16. c4 {½-½ (67) Graham,N (2372)-Szpisjak,S (2246) Saint Paul 2000}) 12. Bc2 g5 13. b5 Na5 $1 14. Nd4 Bg7 15. Re1 Ne7 16. a4 Kb8 17. Nd2 Ka8 18. Ba3 Nc8 19. Nf1 h5 20. Bc1 g4 21. Bg5 Rdg8 22. Qe3 Qc5 23. Qf4 $14 Nb3 24. Bxb3 cxb3 25. Qd2 Nb6 26. Nxb3 Qc7 27. Qd4 Nc4 28. Bf4 Rf8 29. g3 Bh6 30. Bxh6 Rxh6 31. Nbd2 Rc8 32. Nxc4 Qxc4 33. Qd2 Rh7 34. Ra3 Rf7 35. Ne3 Qc5 36. Rb3 Rf3 37. Qd4 Qe7 38. Rb2 Be8 39. Rb4 Bg6 40. Rc1 Be4 41. Qd2 Rcf8 42. Rf1 h4 43. Rxe4 dxe4 44. Qd4 hxg3 45. hxg3 Qf7 46. Rd1 Rxg3+ 47. Ng2 Rd3 48. Rxd3 exd3 0-1

[Event "9th Sharjah Cup Women 2018"]
[Site "Sharjah"]
[Date "2018.12.17"]
[Round "6"]
[White "Ovezdurdiyeva, Jemal"]
[Black "Al-Hammadi, Maryam Hussein"]
[Result "1-0"]
[ECO "A84"]
[WhiteElo "2114"]
[BlackElo "1354"]
[Annotator "NA"]
[PlyCount "50"]
[EventDate "2018.12.14"]
[EventType "swiss"]
[EventCountry "UAE"]
[SourceTitle "playchess.com"]
[Source "ChessBase"]
[SourceQuality "1"]
[TimeControl "5400+30"]

1. d4 e6 2. c4 f5 3. Nc3 Bb4 4. Qb3 Bxc3+ 5. bxc3 Nf6 6. g3 O-O 7. Bg2 Ne4 8. Nf3 b6 9. O-O Bb7 10. Ne5 d6 11. Nd3 Qc8 12. Nf4 Re8 13. d5 Nc5 14. Qc2 e5 $15 15. Nh5 Rf8 16. f4 g6 17. fxe5 dxe5 18. Bh6 Rf7 19. e4 Nba6 20. Ng7 Rxg7 21. Bxg7 Kxg7 22. exf5 gxf5 23. Rxf5 Qe8 24. Raf1 Nd7 25. Qf2 Nab8 1-0

[Event "9th Sharjah Cup Women 2018"]
[Site "Sharjah"]
[Date "2018.12.17"]
[Round "6"]
[White "Asatryan, Sona"]
[Black "Khezrian, Nooralzahra"]
[Result "0-1"]
[ECO "C61"]
[WhiteElo "2089"]
[BlackElo "1317"]
[Annotator "NA"]
[PlyCount "79"]
[EventDate "2018.12.14"]
[EventType "swiss"]
[EventCountry "UAE"]
[SourceTitle "playchess.com"]
[Source "ChessBase"]
[SourceQuality "1"]
[TimeControl "5400+30"]

1. e4 e5 2. Nf3 Nc6 3. Bb5 Nd4 4. Bc4 Bc5 5. c3 Nxf3+ 6. Qxf3 Qf6 7. Qxf6 Nxf6 8. d3 h6 9. a4 a5 10. Na3 c6 11. O-O $11 (11. f4 $5 ) 11... d5 12. exd5 Nxd5 13. Re1 f6 14. d4 Bd6 15. dxe5 fxe5 16. Bxd5 cxd5 17. Bf4 Bxa3 18. Rxa3 e4 19. Rb3 O-O 20. Bg3 Rf7 21. Rb5 Be6 22. f3 Ra6 23. fxe4 dxe4 24. Rxe4 Bf5 25. Rf4 g6 26. Bf2 Rd6 27. Bd4 Re7 28. Rxa5 Re1+ 29. Rf1 Re2 30. Ra8+ Kf7 31. g4 Rxb2 32. gxf5 g5 33. Rh8 Ra6 34. Rh7+ Kg8 35. Rg7+ Kf8 36. f6 Rxa4 37. f7 Rxd4 38. cxd4 Kxg7 39. f8=Q+ Kg6 40. Qf7# 0-1

[Event "9th Sharjah Cup Women 2018"]
[Site "Sharjah"]
[Date "2018.12.17"]
[Round "6"]
[White "Patil, Mitali"]
[Black "Nguyen, Thi Mai Hung"]
[Result "0-1"]
[ECO "B22"]
[WhiteElo "2081"]
[BlackElo "2280"]
[Annotator "NA"]
[PlyCount "74"]
[EventDate "2018.12.14"]
[EventType "swiss"]
[EventCountry "UAE"]
[SourceTitle "playchess.com"]
[Source "ChessBase"]
[SourceQuality "1"]
[TimeControl "5400+30"]

1. e4 c5 2. c3 g6 3. d4 cxd4 4. cxd4 d5 5. e5 Bg7 6. Nf3 Nc6 {[%emt 0:00:47] LiveBook: 225 Games} 7. Nbd2 Qb6 8. Nb3 f6 9. Be2 Bg4 (9... a5 $11 {remains equal.}) 10. O-O Nh6 11. h3 Bc8 12. Bf4 O-O 13. Qd2 Nf7 14. exf6 exf6 15. Rac1 Be6 $16 16. Nc5 Rae8 17. Rc3 Bc8 18. Rfc1 Re7 19. Bd1 Rfe8 20. a3 g5 21. Be3 h6 22. h4 Qd8 23. hxg5 fxg5 24. Ba4 Nd6 25. Nxb7 Bxb7 26. Bxc6 Ne4 27. Qd3 Nxc3 28. Bxe8 Na2 29. Ra1 Qxe8 30. Rxa2 g4 31. Nh4 Re6 32. b4 Ba6 33. Qf5 Bc4 34. Rc2 g3 35. Nf3 Re4 36. Bf4 Re1+ 37. Nxe1 Qxe1# {[%emt 0:00:04] Bc1} 0-1

[Event "9th Sharjah Cup Women 2018"]
[Site "Sharjah"]
[Date "2018.12.17"]
[Round "6"]
[White "Soyunlu, Narmin"]
[Black "Socko, Monika"]
[Result "0-1"]
[ECO "E20"]
[WhiteElo "2078"]
[BlackElo "2458"]
[Annotator "ChessBase"]
[PlyCount "100"]
[EventDate "2018.12.14"]
[EventType "swiss"]
[EventCountry "UAE"]
[SourceTitle "playchess.com"]
[Source "ChessBase"]
[SourceQuality "1"]
[TimeControl "5400+30"]

1. d4 Nf6 2. c4 e6 3. Nc3 Bb4 4. g3 O-O 5. Bg2 d5 6. Nf3 dxc4 7. O-O Nc6 8. a3 Be7 9. e4 Na5 10. Be3 Rb8 11. Qe2 b5 12. Ne5 Bb7 13. Nxb5 Bxe4 14. Bxe4 Nxe4 15. Nxa7 Qd5 16. f3 Nf6 17. Rac1 Rb3 18. Bd2 Rxb2 19. Qe3 Rxd2 20. Qxd2 Ra8 21. Qb2 c3 22. Qxc3 Rxa7 23. Rb1 Ra8 24. Rfd1 Qd8 25. Rb5 Nd5 26. Qc1 c6 27. Nxc6 Nxc6 28. Qxc6 Rc8 29. Qb7 Nc3 30. Rd3 Nxb5 31. Qxb5 Qc7 32. Qb2 Qc1+ 33. Qxc1 Rxc1+ 34. Kg2 Rc2+ 35. Kh3 Ra2 36. d5 exd5 37. Rxd5 Rxa3 38. Kg2 Ra2+ 39. Kh3 g6 40. Rd7 Bc5 41. Rd1 Kg7 42. Rc1 Ba7 43. f4 h5 44. Rd1 Kh6 45. Rc1 f6 46. Rd1 Rc2 47. Re1 Bc5 48. Rh1 g5 49. fxg5+ fxg5 50. g4 Bd6 0-1

[Event "9th Sharjah Cup Women 2018"]
[Site "Sharjah"]
[Date "2018.12.17"]
[Round "6"]
[White "Kejzar, Petra"]
[Black "Abdulla, Khayala"]
[Result "0-1"]
[ECO "A30"]
[WhiteElo "2062"]
[BlackElo "2190"]
[Annotator "NA"]
[PlyCount "62"]
[EventDate "2018.12.14"]
[EventType "swiss"]
[EventCountry "UAE"]
[SourceTitle "playchess.com"]
[Source "ChessBase"]
[SourceQuality "1"]
[TimeControl "5400+30"]

1. c4 c5 2. Nf3 Nf6 3. g3 b6 4. Bg2 Bb7 5. O-O e6 6. Nc3 Be7 7. b3 d5 8. cxd5 exd5 9. d4 Nc6 10. Bb2 O-O 11. Rc1 Re8 12. dxc5 {[%emt 0:04:58] LiveBook: 4 Games} bxc5 13. Na4 Ba6 {[%emt 0:10:06] [#]} 14. Re1 $16 c4 15. Nd2 Na5 16. bxc4 Nxc4 17. Nxc4 Bxc4 18. Rxc4 dxc4 19. Bxa8 Qxa8 20. Qc2 Rc8 21. e4 Qc6 22. Bd4 Rd8 23. Bc3 h5 24. Nb2 Rc8 25. Bd4 Bb4 26. Re2 a5 27. Nd1 h4 28. Kg2 h3+ 29. Kh1 Rd8 30. Bb2 Nxe4 31. Kg1 Nc3 0-1

[Event "9th Sharjah Cup Women 2018"]
[Site "Sharjah"]
[Date "2018.12.17"]
[Round "6"]
[White "Bauyrzhan, Arnash"]
[Black "Alieva, Alexandra"]
[Result "1-0"]
[ECO "C50"]
[WhiteElo "1978"]
[BlackElo "2102"]
[Annotator "NA"]
[PlyCount "119"]
[EventDate "2018.12.14"]
[EventType "swiss"]
[EventCountry "UAE"]
[SourceTitle "playchess.com"]
[Source "ChessBase"]
[SourceQuality "1"]
[TimeControl "5400+30"]

1. e4 e5 2. Nf3 Nc6 3. Bc4 Bc5 4. O-O Nf6 5. d3 {[%emt 0:00:14] LiveBook: 3323 Games} a6 6. a4 O-O 7. h3 d5 8. exd5 Nxd5 9. Nbd2 Ba7 10. Ne4 Kh8 11. Bd2 f6 $11 12. c3 Be6 13. b4 Bf7 14. Qe2 Nce7 15. Bxd5 Nxd5 16. c4 Nf4 17. Bxf4 exf4 18. Qd2 Bh5 19. Qxf4 Qxd3 20. Ned2 Rf7 21. Rad1 Qc2 22. a5 Qa4 23. c5 Bxc5 24. Qf5 Bxf3 25. Nxf3 Qxb4 26. Ng5 fxg5 27. Qxf7 Bd6 28. Qd5 Qb5 29. Rfe1 h6 30. Qe4 Rf8 31. Rb1 Qxa5 32. Qxb7 Qd2 33. Rf1 a5 34. Qa7 Qf4 35. g3 Qf5 36. Rb8 Rxb8 37. Qxb8+ Kh7 38. Qb1 Qxb1 39. Rxb1 a4 40. Ra1 a3 41. Kf1 h5 42. Ke2 Kg6 43. Kd3 Kf5 44. Ra2 h4 45. g4+ Kf4 46. Ke2 Ke4 47. Rd2 Be5 48. f3+ Kf4 49. Kf2 Bb2 50. Re2 Bd4+ 51. Kg2 Be3 52. Ra2 Bc1 53. Rc2 Ke3 54. Rxc1 a2 55. Ra1 c5 56. Rxa2 c4 57. Ra5 c3 58. Rxg5 c2 59. Rc5 Kd2 60. f4 1-0

[Event "9th Sharjah Cup Women 2018"]
[Site "Sharjah"]
[Date "2018.12.17"]
[Round "6"]
[White "Shanya Mishra"]
[Black "Enkhtuul, Altan-Ulzii"]
[Result "1/2-1/2"]
[ECO "A56"]
[WhiteElo "1978"]
[BlackElo "2267"]
[Annotator "NA"]
[PlyCount "82"]
[EventDate "2018.12.14"]
[EventType "swiss"]
[EventCountry "UAE"]
[SourceTitle "playchess.com"]
[Source "ChessBase"]
[SourceQuality "1"]
[TimeControl "5400+30"]

1. d4 Nf6 2. c4 c5 3. d5 g6 4. Nc3 d6 5. e4 Bg7 6. Bd3 O-O 7. h3 {[%emt 0:02:15] LiveBook: 609 Games} Na6 8. Nf3 Nb4 {[%emt 0:07:34] E90: King's Indian: Classical: Early deviations and 6 h3} (8... e5 9. g4 Nc7 10. Bg5 a6 11. a4 Bd7 12. a5 Rb8 13. Rg1 b5 14. axb6 Rxb6 15. b3 Kh8 16. Bc2 {½-½ (56) Jojua,D (2590)-Gelashvili,T (2575) Lagodekhi 2016}) 9. Bb1 Nd7 $146 ({Predecessor:} 9... e5 10. Bg5 Bd7 11. a3 Na6 12. Bd3 Nc7 13. b4 b6 14. Qd2 Qc8 15. g4 b5 16. cxb5 cxb4 17. axb4 {0-1 (42) Fluvia Poyatos,J (2450)-Willemze,T (2414) Catalunya 2014}) 10. Bd2 Nb6 11. Qe2 Bd7 12. a3 Na6 13. Bc2 Qe8 14. Rb1 e6 15. b3 Nc7 16. Bd3 Nc8 17. O-O exd5 18. exd5 Qxe2 19. Bxe2 Bf5 20. Rbc1 Re8 21. Rfe1 b5 $14 22. g4 Bd7 23. Bd3 bxc4 24. bxc4 Rb8 25. Rxe8+ Nxe8 26. Rb1 Rxb1+ 27. Bxb1 Nb6 28. Bd3 f5 29. Nh2 a6 30. f3 fxg4 31. hxg4 Na4 32. Nxa4 Bxa4 33. Bc1 Be5 34. Nf1 Nf6 35. Kf2 Kf7 36. Ng3 Bb3 37. Nf1 Nd7 38. Nd2 Bd4+ 39. Ke2 Ba4 40. Ne4 Ke7 41. Ng5 Nf8 1/2-1/2

[Event "9th Sharjah Cup Women 2018"]
[Site "Sharjah"]
[Date "2018.12.17"]
[Round "6"]
[White "Greibrokk, Ingrid"]
[Black "Mona, Khaled"]
[Result "1/2-1/2"]
[ECO "A13"]
[WhiteElo "1857"]
[BlackElo "2158"]
[Annotator "NA"]
[PlyCount "73"]
[EventDate "2018.12.14"]
[EventType "swiss"]
[EventCountry "UAE"]
[SourceTitle "playchess.com"]
[Source "ChessBase"]
[SourceQuality "1"]
[TimeControl "5400+30"]

1. c4 e6 2. Nf3 d5 3. cxd5 exd5 4. g3 Nf6 5. Bg2 Be7 6. O-O O-O 7. d3 Bf5 {[%emt 0:00:27] A14: English Opening: 1...e6 with b3 by White} (7... c5 8. b3 Nc6 9. Bb2 d4 10. Nbd2 Nd5 11. Re1 Bg4 12. a3 Rc8 13. Rc1 b6 14. Qc2 Re8 15. Qb1 Bf8 16. h3 Bf5 17. b4 cxb4 18. Rxc6 Rxc6 19. Nxd4 {1-0 (48) Sankalp,G (2374)-Thorn,E (2312) Stockholm 2018}) 8. b3 Qc8 $146 ({Predecessor:} 8... c5 9. Nbd2 Nc6 10. Bb2 Re8 11. Rc1 b6 12. Re1 Bg6 13. e4 Nb4 14. Bf1 Nxa2 15. Ra1 {0-1 (29) Banas,K (2045)-Kopera,M Zilina 1997}) 9. Re1 Bh3 10. Bh1 Bc5 11. Ba3 Nbd7 12. Bxc5 Nxc5 13. Nc3 Ne6 14. Rc1 d4 15. Nb1 c6 16. Nbd2 Qd7 17. Qc2 Rad8 18. Qb2 Rfe8 19. b4 $11 Qe7 20. Rc4 Ng4 21. Qc1 h6 22. Ne4 Rd7 23. a3 f5 24. Nc5 Nxc5 25. Rxc5 Qf6 26. Qc4+ Qe6 27. Qxe6+ Rxe6 28. Bg2 Bxg2 29. Kxg2 g6 30. h3 Nf6 31. Rc4 Red6 32. Ne5 Rg7 33. Nf3 Rgd7 34. Ne5 Rg7 35. Nf3 Rgd7 36. Ne5 Rg7 37. Nf3 1/2-1/2